 Dungeon Crawl Stone Soup version 0.30.0-19-g36f170ea60 (webtiles) character file.

Game seed: 6826894708500367923

158 Graphine the Chiller (level 5, -1/57 HPs)
             Began as a Draconian Ice Elementalist on June 1, 2023.
             Slain by Tinylith's ghost (10 damage)
             ... on level 3 of the Dungeon.
             The game lasted 00:05:33 (2975 turns).

Graphine the Chiller (Draconian Ice Elementalist)   Turns: 2975, Time: 00:05:33

Health: -1/57      AC: 29    Str: 16    XL:     5   Next: 16%
Magic:  7/9        EV:  2    Int: 17    God:
Gold:   152        SH:  0    Dex: 12    Spells: 3/10 levels left

rFire   . . .        b - +0 club
rCold   . . .        (no shield)
rNeg    . . .        (body armour unavailable)
rPois   +            (helmet currently unavailable)
rElec   .            (cloak currently unavailable)
rCorr   .            (gloves currently unavailable)
SInv    .            (boots currently unavailable)
Will    .....        (no amulet)
Stlth   ++           j - +6 ring of strength
HPRegen 0.29/turn    (no ring)
MPRegen 0.11/turn

%: no passive effects
@: ice-armoured (expiring), tree-form
A: stationary, stasis, torment immunity, boosted hp, AC +5, unfitting armour,
(cold-blooded)
a: no special abilities


You were on level 3 of the Dungeon.
You were a tree.
You visited 1 branch of the dungeon, and saw 3 of its levels.

You collected 152 gold pieces.

Inventory:

Hand Weapons
 b - a +0 club (weapon)
Jewellery
 j - a +6 ring of strength (left branch)
 m - an amulet of guardian spirit
Scrolls
 e - 2 scrolls of teleportation
 g - 3 scrolls of magic mapping
Potions
 c - 2 potions of degeneration
 h - a potion of resistance {unknown}
 i - a potion of mutation {unknown}
 k - 2 potions of brilliance {unknown}


   Skills:
 - Level 2.0 Dodging
 - Level 2.0 Stealth
 + Level 3.2 Spellcasting
 * Level 5.6 Ice Magic


You had 3 spell levels left.
You knew the following spells:

 Your Spells              Type           Power      Damage    Failure   Level
a - Freeze                Ice            88%        1d9       1%          1
b - Frozen Ramparts       Ice            44%        1d7       4%          3
c - Ozocubu's Armour      Ice            22%        N/A       4%          3

Your spell library contained the following spells:

 Spells                   Type           Power      Damage    Failure   Level
 Summon Ice Beast         Ice/Summ       12%        N/A       47%         4
 Blade Hands              Tmut           1%         N/A       99%         5
 Iron Shot                Conj/Erth      1%         9d1       100%        6
 Animate Armour           Summ/Erth      Unusable   N/A       N/A         4

Dungeon Overview and Level Annotations

Branches:
Dungeon (3/15)

Altars:
Cheibriados
Makhleb

Annotations:
D:3 Tinylith's ghost, amateur OgGl


Innate Abilities, Weirdness & Mutations

You are a tree.
Your roots penetrate the ground, keeping you stationary.
You cannot be teleported.
You are immune to unholy pain and torment.
Your maximum health is greatly increased.
Your equipment is partially melded.
((Your plain brown scales are hard. (AC +5)))
You cannot fit into any form of body armour.
((You are cold-blooded and may be slowed by cold attacks.))


Message History

Tinylith's ghost hits you but does no damage.
Unknown command.
Hit: b) +0 club
Press: ? - help, Dir - move target, f/p - Tinylith's ghost
Aim: Tinylith's ghost (heavily damaged, about 43% to evade your +0 club)
You hit Tinylith's ghost.
Tinylith's ghost is heavily damaged.
Tinylith's ghost hits you but does no damage.
Unknown command.
Hit: b) +0 club
Press: ? - help, Dir - move target, f/p - Tinylith's ghost
Aim: Tinylith's ghost (heavily damaged, about 43% to evade your +0 club)
You barely miss Tinylith's ghost.
Tinylith's ghost is heavily damaged.
Tinylith's ghost hits you.
* * * LOW HITPOINT WARNING * * *
Tinylith's ghost hits you but does no damage.
Hit: b) +0 club
Press: ? - help, Dir - move target, f/p - Tinylith's ghost
Aim: Tinylith's ghost (heavily damaged, about 43% to evade your +0 club)
You hit Tinylith's ghost.
Tinylith's ghost is severely damaged.
Tinylith's ghost hits you but does no damage.
Unknown command.
Hit: b) +0 club
Press: ? - help, Dir - move target, f/p - Tinylith's ghost
Aim: Tinylith's ghost (severely damaged, about 43% to evade your +0 club)
You hit Tinylith's ghost but do no damage.
Tinylith's ghost is severely damaged.
Your icy armour starts to melt.
Tinylith's ghost completely misses you.
Hit: b) +0 club
Press: ? - help, Dir - move target, f/p - Tinylith's ghost
Aim: Tinylith's ghost (severely damaged, about 43% to evade your +0 club)
You hit Tinylith's ghost but do no damage.
Tinylith's ghost is severely damaged.
Tinylith's ghost hits you.
* * * LOW HITPOINT WARNING * * *
Tinylith's ghost hits you!
You die...

#.###.#.......
#.###.#.....#.
###...#.#####.##
###...#.#.....#.##
#...###.#####.#.#.
##.### #....(....#.
#..# #######.###.
##.#### #.#...
#..♣..# #.#...
#.#W#.# #.#...
###~### #.#.##
##~###########.#...
#~# #.........####
#~# #.###.....# #
#!# #.# #.###.# #
#~# #.# #.# #.#
#.###.# #.# #


You could see Tinylith's ghost.

Vanquished Creatures
  An iguana (D:3)
  6 adders
  3 worms
  3 dart slugs
  An orc (D:3)
  2 ball pythons (D:1)
  11 bats
  5 endoplasms
  2 giant cockroaches
  5 goblins
  7 hobgoblins
  3 jackals (D:3)
  7 kobolds
  A quokka (D:1)
  2 frilled lizards (D:1)
  2 rats
61 creatures vanquished.

Notes
Turn   | Place    | Note
-------+----------+-------------------------------------------
     0 | D:1      | Graphine the Draconian Ice Elementalist began the quest for
                  | the Orb.
     0 | D:1      | Reached XP level 1. HP: 14/14 MP: 3/3
   134 | D:1      | Reached XP level 2. HP: 15/20 MP: 0/5
  1068 | D:2      | Reached XP level 3. HP: 14/26 MP: 0/6
  1173 | D:2      | You fall into a shaft and drop 1 floor!
  1513 | D:2      | Reached skill level 5 in Ice Magic
  1513 | D:2      | Reached XP level 4. HP: 33/33 MP: 4/8
  1620 | D:2      | Learned a level 3 spell: Frozen Ramparts
  1624 | D:2      | Learned a level 3 spell: Ozocubu's Armour
  2173 | D:3      | Found a snail-covered altar of Cheibriados.
  2423 | D:3      | Found a runed translucent door.
  2424 | D:3      | Noticed Tinylith's ghost (amateur OgGl)
  2502 | D:3      | Found a burning altar of Makhleb.
  2512 | D:3      | Reached XP level 5. HP: 24/38 MP: 3/9
  2975 | D:3      | Slain by Tinylith's ghost

Illustrated notes

Levels and vault maps discovered:
D:1:      spicycebolla_arrival_clurvy, layout_basic, chequers_big_river
D:2:      layout_rooms, nicolae_half_adder
D:3:      layout_basic, mainiacjoe_overflow_small_starburst, slow_altar_1,
          ebering_ghost_sewer_d

Skill      XL: |  1  2  3  4 |
---------------+-------------+-----
Stealth        | 2 |  2.0
Dodging        | 2 |  2.0
Ice Magic      | 5 |  5.6
Spellcasting   | 3 |  3.2

Action                     |  1- 3 |  4- 6 || total
---------------------------+-------+-------++-------
  Melee: Club              |     9 |    44 ||    53
         Tailslap          |     2 |     6 ||     8
         Punch             |     1 |       ||     1
   Cast: Freeze            |    53 |    33 ||    86
         Frozen Ramparts   |       |     6 ||     6
         Ozocubu's Armour  |       |     1 ||     1
    Use: Potion            |     1 |     2 ||     3
         Scroll            |       |     7 ||     7
   Stab: Sleeping          |       |     2 ||     2
 Armour: Skin              |    24 |    25 ||    49
  Dodge: Dodged            |    46 |    41 ||    87
